Map: Prion Terraces

Players

lesha - Winner!

  • Race: Terran Terran
  • League: Silver

Takrim

  • Race: Protoss Protoss
  • League: Silver

VOD

Have the link to the VOD?

Description

Time

  • Played on: Dec. 23, 2015, 10:31 a.m.
  • Length: 19:36
Show
View Real Time Build Order
Export as new Build Order

lesha Terran - Winner!

Build Orders: Liberator Opening, Reaper Expand, MMM Bio 

Get SALT Encoding   

  12  0:01  SCV  
  13  0:13  SCV  
  14  0:18  Supply Depot  
  14  0:25  SCV  
  15  0:39  SCV  
  16  0:45  Barracks  
  16  0:51  Refinery  
  16  0:52  SCV  
  17  1:04  SCV  
  18  1:16  SCV  
  19  1:31  Orbital Command  
  19  1:34  Reaper  
  20  1:50  Command Center  
  20  1:52  Supply Depot  
  20  2:00  SCV  
  21  2:07  Marine  
  22  2:12  SCV  
  23  2:15  Factory  
  23  2:20  Refinery  
  23  2:24  SCV  
  24  2:36  SCV  
  25  2:48  SCV  
  25  2:52  Marine  
  26  3:01  SCV  
  26  3:03  Starport  
  27  3:06  Factory Tech Lab  
  27  3:10  Marine  
  28  3:13  SCV, Barracks  
  28  3:14  Orbital Command  
  29  3:28  Marine  
  29  3:29  SCV  
  29  3:30  Bunker  
  31  3:35  Siege Tank  
  34  3:41  SCV  
  34  3:46  Marine  
  36  3:48  Barracks  
  36  3:49  Supply Depot  
  36  3:50  SCV  
  36  3:53  Supply Depot  
  36  3:54  Liberator  
  37  4:03  Marine  
  41  4:17  SCV  
  41  4:18  SCV  
  41  4:22  Refinery  
  43  4:26  Barracks Reactor  
  43  4:29  SCV  
  43  4:30  SCV  
  45  4:33  Barracks  
  45  4:42  SCV  
  47  4:45  SCV  
  47  4:50  Supply Depot  
  47  4:52  Supply Depot  
  47  4:53  Marine  
  47  4:54  SCV, Marine  
  47  4:55  Supply Depot  
  47  4:57  SCV  
  51  5:01  Starport Reactor  
  51  5:09  SCV x2  
  51  5:10  Marine  
  51  5:11  Marine  
  51  5:12  Marauder  
  58  5:21  SCV  
  58  5:30  Engineering Bay, Marine  
  58  5:31  Marine x2  
  58  5:33  Engineering Bay  
  58  5:35  Barracks  
  61  5:44  Marine  
  61  5:46  Medivac x2  
  61  5:48  Marine  
  67  5:51  Refinery  
  67  5:52  SCV x2  
  67  5:56  Marine x2  
  71  6:00  Terran Infantry Weapons Level 1, Terran Infantry Armor Level 1  
  71  6:02  Marine  
  71  6:03  Stimpack  
  71  6:04  SCV x2  
  73  6:06  Marine  
  75  6:14  Marine x2  
  77  6:19  SCV x2  
  77  6:25  Marine x2  
  82  6:26  Medivac x2  
  86  6:33  SCV x2, Marine  
  86  6:37  Marine  
  86  6:39  Barracks Reactor  
  86  6:41  Barracks Reactor  
  86  6:54  Command Center  
  86  7:14  Command Center  
  86  7:18  Supply Depot  
  86  7:22  Supply Depot  
  86  7:39  Marine x6  
  86  7:40  SCV x2  
  86  7:43  Marine x2  
  96  7:52  SCV x2  
  96  7:57  Marine x6  
  102  8:01  Marine  
  99  8:10  SCV x2  
  101  8:14  Marine  
  101  8:15  Marine x6  
  101  8:19  Marine  
  109  8:22  SCV  
  109  8:26  Medivac x2  
  114  8:32  Marine  
  114  8:33  Marine x5  
  121  8:37  Marine  
  121  8:38  Orbital Command  
  122  8:41  Orbital Command  
  122  8:45  SCV x2  
  124  8:50  Marine  
  124  8:51  Barracks Reactor, Marine x5  
  124  8:54  Marine  
  130  8:56  Medivac  
  130  8:58  Supply Depot  
  130  9:00  Armory  
  130  9:01  Supply Depot  
  132  9:03  Supply Depot  
  132  9:07  Combat Shields  
  132  9:19  SCV x2, Marine x6  
  132  9:22  Medivac, Marine  
  132  9:23  SCV  
  144  9:26  Medivac  
  144  9:27  Marine x2  
  148  9:31  SCV x2  
  148  9:35  SCV  
  148  9:37  Marine x5  
  156  9:41  Supply Depot  
  156  9:43  Refinery  
  156  9:44  Refinery  
  156  9:49  Marine x4  
  160  9:52  Medivac  
  160  9:56  Medivac  
  153  10:15  Marine x4  
  153  10:16  Marine x5  
  162  10:31  Barracks x2  
  162  10:32  Barracks  
  162  10:33  Marine x5  
  162  10:34  Terran Infantry Armor Level 2, Terran Infantry Weapons Level 2, Marine x3  
  170  10:43  Command Center  
  170  10:46  Medivac x2  
  170  10:49  Marauder  
  176  10:51  Marine x5  
  181  11:10  Marine, Marauder  
  181  11:11  Marine x4  
  188  11:22  Supply Depot  
  188  11:24  Supply Depot  
  188  11:25  Supply Depot  
  188  11:28  Medivac x2, Marine x4  
  188  11:29  Marine x4  
  188  11:32  Marauder  
  169  11:39  Marine x3  
  149  11:46  Marine x4  
  149  11:47  Marine x2  
  149  11:53  Marauder  
  152  11:58  Medivac, Marine x2  
  159  12:03  Barracks Reactor, Marine  
  159  12:04  Barracks Reactor, Marine x4  
  159  12:05  Barracks Reactor, Marine  
  162  12:14  Marauder  
  164  12:16  Marine x2  
  164  12:19  Medivac  
  164  12:21  Marine x2  
  164  12:22  Marine x3  
  172  12:23  Marine  
  172  12:28  Medivac  
  174  12:33  Marine  
  174  12:34  Marine  
  169  12:49  Medivac  
  163  12:55  Marine x5  
  163  12:56  Marine x7  
  163  12:57  Marine  
  176  12:58  Medivac  
  176  13:00  Marine x2  
  180  13:13  SCV x4, Starport x3, Marine x6  
  180  13:14  Marine  
  180  13:17  Orbital Command  
  180  13:19  Medivac  
  193  13:21  Marine x4  
  193  13:22  Marine x3  
  148  14:04  Marine x3  
  148  14:05  Marine x6  
  148  14:06  Marine  
  148  14:08  Marine x3  
  148  14:09  Marine x2  
  159  14:17  Viking  
  159  14:18  Viking x2  
  159  14:22  Marine x3  
  166  14:28  Marine x3  
  166  14:29  Marine x7  
  166  14:30  Marine x2  
  178  14:40  Marine  
  152  14:47  Viking  
  152  14:48  Viking x2  
  136  14:54  Marine x4  
  136  14:55  Marine x7  
  136  14:56  Marine x3  
  136  14:58  Marine  
  151  15:06  Viking x2  
  155  15:12  Marine x5  
  155  15:13  Marine x7  
  155  15:14  Marine x2  
  168  15:15  Marine  
  168  15:17  Viking  
  168  15:18  Viking x2  
  176  15:30  Marine x6  
  176  15:31  Marine x2  
  182  15:36  Viking x2  
  175  15:47  Viking  
  175  15:48  Viking  
  131  16:02  Marine x4  
  131  16:03  Marine x6  
  131  16:04  Marine x5  
  140  16:20  Marine x5  
  140  16:21  Marine x7  
  140  16:22  Marine x3  
  155  16:30  Command Center  
  155  16:38  Marine x3  
  158  16:40  Marine x2  
  158  16:41  Marine x5  
  165  16:49  Marine x3  
  165  16:50  Marine x2  
  170  16:55  Marine  
  170  16:56  Marine x2  
  170  16:58  Marine x4  
  137  17:32  Command Center  
  120  17:39  Marine x7  
  120  17:40  Marine x6  
  120  17:41  Marine x2  
  128  17:56  Marine  
  128  17:57  Marine x7  
  128  17:58  Marine x6  
  139  17:59  Marine  
  137  18:14  Marine x3  
  137  18:15  Marine  
  137  18:20  Marine x3  
  137  18:21  Marine x5  
  145  18:57  SCV x4  
  145  18:59  Marine x4  
  153  19:09  SCV x4  
  156  19:18  SCV x2  
  156  19:21  SCV x3  
  156  19:22  SCV  
Show
View Real Time Build Order
Export as new Build Order

Takrim Protoss 

Build Orders:  

Get SALT Encoding   

  12  0:00  Probe (Chrono Boost)  
  13  0:11  Probe (Chrono Boost)  
  14  0:18  Pylon  
  14  0:23  Probe (Chrono Boost)  
  15  0:36  Probe (Chrono Boost)  
  15  0:37  Gateway  
  16  0:47  Probe (Chrono Boost), Assimilator  
  17  0:57  Probe (Chrono Boost)  
  18  1:04  Forge  
  18  1:16  Pylon  
  18  1:19  Probe (Chrono Boost)  
  19  1:26  Cybernetics Core  
  19  1:29  Probe (Chrono Boost)  
  20  1:46  Zealot  
  22  1:52  Photon Cannon  
  22  1:54  Probe (Chrono Boost)  
  22  1:56  Assimilator  
  23  2:03  Warp Gate  
  25  2:15  Adept  
  25  2:24  Protoss Ground Weapons Level 1  
  25  2:30  Probe (Chrono Boost)  
  26  2:42  Probe (Chrono Boost)  
  26  2:57  Probe (Chrono Boost)  
  27  3:00  Nexus  
  27  3:02  Adept  
  29  3:08  Mothership Core (Chrono Boost)  
  31  3:15  Pylon  
  31  3:26  Robotics Facility  
  31  3:35  Adept  
  33  3:45  Photon Cannon  
  33  4:03  Probe (Chrono Boost)  
  34  4:13  Observer  
  35  4:19  Gateway  
  35  4:22  Probe (Chrono Boost)  
  35  4:23  Probe (Chrono Boost)  
  37  4:26  Zealot  
  39  4:33  Probe x2 (Chrono Boost)  
  39  4:34  Immortal  
  45  4:38  Protoss Ground Armor Level 1  
  45  4:44  Probe x2 (Chrono Boost)  
  47  4:59  Gateway  
  47  5:02  Probe x2 (Chrono Boost)  
  49  5:08  Pylon  
  49  5:09  Stalker  
  49  5:14  Probe x2 (Chrono Boost)  
  54  5:28  Probe (Chrono Boost)  
  54  5:29  Probe (Chrono Boost)  
  54  5:31  Assimilator  
  54  5:34  Stalker x2  
  59  5:42  Pylon  
  59  5:43  Pylon  
  59  5:56  Robotics Bay  
  59  6:00  Immortal (Chrono Boost)  
  63  6:12  Probe x2 (Chrono Boost)  
  65  6:23  Stalker x3, Probe x2  
  64  6:45  Colossus (Chrono Boost)  
  70  6:48  Probe x2  
  70  6:53  Assimilator  
  72  7:00  Probe x2  
  74  7:02  Zealot  
  74  7:03  Zealot  
  78  7:09  Pylon x2  
  78  7:13  Extended Thermal Lance  
  78  7:26  Twilight Council  
  78  7:38  Probe x2  
  80  7:50  Probe x2  
  82  8:02  Probe x2  
  84  8:13  Photon Cannon  
  84  8:16  Twilight Council  
  84  8:20  Pylon  
  84  8:21  Pylon  
  84  8:22  Nexus  
  84  8:39  Probe x2  
  86  8:45  Pylon  
  86  8:52  Colossus (Chrono Boost)  
  86  8:55  Stalker  
  94  8:56  Stalker  
  94  8:57  Sentry  
  98  9:07  Photon Cannon  
  98  9:11  Photon Cannon  
  98  9:14  Charge (Chrono Boost)  
  98  9:32  Adept  
  98  9:33  Adept  
  98  9:34  Adept  
  104  9:44  Probe x2  
  104  9:45  Probe  
  107  9:47  Colossus  
  109  10:22  Probe x2  
  109  10:24  Probe  
  109  10:26  Stalker x2  
  109  10:27  Stalker  
  118  10:34  Gateway, Robotics Facility, Probe  
  119  10:36  Probe, Gateway  
  119  10:41  Photon Cannon  
  119  10:42  Photon Cannon  
  120  10:46  Resonating Glaives (Chrono Boost), Probe  
  121  10:51  Assimilator  
  121  10:55  Assimilator  
  121  11:10  Stalker x2  
  125  11:18  Pylon  
  125  11:19  Pylon  
  125  11:21  Pylon  
  124  11:28  Immortal  
  124  11:29  Immortal  
  94  11:56  Stalker x2  
  94  11:59  Stalker  
  94  12:01  Adept x2  
  104  12:07  Colossus x2  
  116  12:21  Adept x3  
  116  12:22  Adept x2  
  126  12:24  Nexus  
  126  12:27  Pylon  
  126  12:28  Pylon  
  124  12:44  Adept x2  
  124  12:45  Adept x3  
  134  13:01  Colossus x2, Photon Cannon  
  134  13:04  Photon Cannon  
  146  13:05  Photon Cannon  
  146  13:08  Photon Cannon  
  146  13:20  Adept x3  
  146  13:21  Adept x2  
  142  14:06  Colossus x2  
  142  14:08  Adept x2  
  142  14:09  Adept x3  
  141  14:41  Adept x2  
  141  14:42  Adept x3  
  123  15:07  Probe  
  123  15:08  Probe  
  123  15:09  Probe x2  
  123  15:11  Adept x4  
  123  15:12  Adept  
  137  15:21  Probe  
  138  15:26  Nexus  
  138  15:42  Colossus x2  
  114  16:01  Stalker  
  116  16:05  Stalker x3  
  116  16:06  Stalker  
  124  16:12  Pylon  
  124  16:17  Pylon  
  124  16:19  Pylon  
  122  16:31  Adept x2  
  122  16:32  Adept x3  
  132  16:35  Disruptor x2  
  138  16:47  Gateway x2  
  138  16:50  Gateway  
  138  16:52  Probe x2, Photon Cannon  
  138  16:53  Probe x2  
  142  16:54  Gateway  
  142  17:02  Mothership Core  
  142  17:04  Photon Cannon  
  142  17:05  Probe  
  142  17:08  Photon Cannon  
  145  17:11  Photon Cannon  
  145  17:14  Stalker x3, Photon Cannon  
  151  17:15  Probe  
  151  17:16  Photon Cannon  
  151  17:19  Photon Cannon  
  126  17:23  Stalker  
  126  17:24  Stalker  
  126  17:26  Probe  
  102  17:37  Probe  
  86  17:39  Adept  
  86  17:40  Adept x2  
  76  17:47  Probe  
  73  17:51  Stalker  
  73  17:52  Stalker  
  73  17:56  Immortal x2  
  85  18:07  Adept x3  
  79  18:17  Adept x4  
  79  18:19  Adept x2  
  82  18:31  Probe x2  
  82  18:32  Probe x2  
  80  18:44  Adept x4  
  80  18:45  Adept  
  81  19:19  Pylon  
  81  19:20  Pylon  
Tags
 
Add a new tag
Caveats
  • Supply blocks, unpowered buildings, or Contaminate may cause inaccurate times.
  • Supply counts are checked every 10 seconds.